 Dungeon Crawl Stone Soup version 0.30.1-11-g7821555f0a (webtiles) character file.

Game seed: 1875590092540602191

74 ChrisAssaf the Grave Robber (level 4, -1/51 HPs)
             Began as a Hill Orc Necromancer on Dec 15, 2023.
             Slain by a black bear (12 damage)
             ... on level 4 of the Dungeon.
             The game lasted 00:03:37 (641 turns).

ChrisAssaf the Grave Robber (Hill Orc Necromancer)   Turns: 641, Time: 00:03:38

Health: -1/51      AC:  2    Str: 10    XL:     4   Next: 28%
Magic:  0/7        EV: 12    Int: 17    God:
Gold:   24         SH:  0    Dex: 11    Spells: 3/7 levels left

rFire   + . .        d - +2 dagger (flame)
rCold   . . .        (no shield)
rNeg    . . .        a - +0 robe
rPois   .            (no helmet)
rElec   .            (no cloak)
rCorr   .            (no gloves)
SInv    .            (no boots)
Will    .....        (no amulet) Stlth
                     e - ring of protection from fire
HPRegen 0.28/turn    (no ring)
MPRegen 0.10/turn

%: no passive effects
@: berserking, very quick
A: no striking features
a: no special abilities


You were on level 4 of the Dungeon.
You visited 1 branch of the dungeon, and saw 4 of its levels.

You collected 24 gold pieces.

Inventory:

Hand Weapons
 d - a +2 dagger of flaming (weapon)
Armour
 a - a +0 robe (worn)
Jewellery
 e - a ring of protection from fire (left hand)
Scrolls
 b - a scroll of noise {unknown}


   Skills:
 * Level 0.9 Fighting
 * Level 1.1 Short Blades
 * Level 0.6 Armour
 * Level 1.7 Dodging
 * Level 1.8 Stealth
 * Level 2.1 Spellcasting
 * Level 4.6 Necromancy


You had 3 spell levels left.
You knew the following spells:

 Your Spells              Type           Power      Damage    Failure   Level
a - Necrotise             Necr           68%        1d7       2%          1
b - Vampiric Draining     Necr           17%        2d7       9%          3

Your spell library contained the following spells:

 Spells                   Type           Power      Damage    Failure   Level
 Animate Dead             Necr           17%        N/A       28%         4
 Agony                    Necr           17%        N/A       61%         5


Dungeon Overview and Level Annotations

Branches:
Dungeon (4/15)
 Temple: D:4-7

Altars:


Message History

The black bear bites you but does no damage.
The black bear claws you but does no damage.
The black bear claws you.
Casting: Necrotise (safe; 2% risk of failure)
Confirm with . or Enter, or press ? or * to list all spells.
Aiming: Vampiric Draining (dangerous; 9% risk of failure)
Press: ? - help, Shift-Dir - straight line, f/p - black bear
Aim: a black bear (heavily wounded)
You draw life force from the black bear!
You feel life coursing into your body.
The black bear goes berserk!
Unknown command.
Aiming: Necrotise (safe; 2% risk of failure)
Press: ? - help, Q - select action, (/) - cycle Shift-Dir - straight line, f/p - black bear
Aim: a black bear (severely wounded, berserk, chance to affect: 75%)
The black bear struggles to resist.
The black bear barely misses you. The black bear closely misses you.
The black bear claws you. The black bear completely misses you.
The black bear misses you. The black bear barely misses you.
Casting: Necrotise (safe; 2% risk of failure)
Confirm with . or Enter, or press ? or * to list all spells.
You don't have enough magic to cast this spell.
Unknown command.
Aiming: Necrotise (safe; 2% risk of failure)
Press: ? - help, Q - select action, (/) - cycle Shift-Dir - straight line, f/p - black bear
Aim: a black bear (severely wounded, berserk, chance to affect: 75%)
The black bear writhes in agony.
The black bear bites you! The black bear misses you. x2
Unknown command.
Aiming: Necrotise (safe; 2% risk of failure)
Press: ? - help, Q - select action, (/) - cycle Shift-Dir - straight line, f/p - black bear
Aim: a black bear (almost dead, berserk, chance to affect: 75%)
The black bear writhes in agony.
The black bear closely misses you. x2; The black bear claws you!
The black bear misses you. The black bear claws you.
* * * LOW HITPOINT WARNING * * *
The black bear barely misses you.
It was a potion of berserk rage.
A red film seems to cover your vision as you go berserk!
You feel yourself moving faster!
You feel mighty! The black bear bites you!
You die...

## .. ... ##.
..## #.. ?....
### ..####.....
....##.#......##
......h.........
####.(@....#.##
...?....<.......
.###.....##....#
#.#...$ ...#
#.#....# .# .
#.##.# . .. .#
## #.. .. #.. ..


You could see a black bear (berserk).

Vanquished Creatures
  An orc wizard (D:2)
  2 adders
  3 dart slugs
  3 orcs (D:2)
  3 ball pythons (D:2)
  2 endoplasms
  A giant cockroach (D:3)
  A goblin (D:1)
  3 hobgoblins (D:2)
  A kobold (D:1)
  A rat (D:1)
21 creatures vanquished.

Vanquished Creatures (collateral kills)
  A giant cockroach (D:2)
  A hobgoblin (D:2)
2 creatures vanquished.

Grand Total: 23 creatures vanquished

Notes
Turn   | Place    | Note
-------+----------+-------------------------------------------
     0 | D:1      | ChrisAssaf the Hill Orc Necromancer began the quest for the
                  | Orb.
     0 | D:1      | Reached XP level 1. HP: 14/14 MP: 3/3
   174 | D:1      | Reached XP level 2. HP: 11/20 MP: 0/4
   360 | D:2      | Reached XP level 3. HP: 19/27 MP: 2/5
   364 | D:2      | Learned a level 3 spell: Vampiric Draining
   382 | D:2      | Reached skill level 1 in Short Blades
   389 | D:2      | Reached XP level 4. HP: 7/34 MP: 0/6
   633 | D:4      | Noticed a black bear
   641 | D:4      | Slain by a black bear

Illustrated notes

Levels and vault maps discovered:
D:1:      amcnicky_arrival_gap_in_the_tavern_cellar, layout_basic
D:2:      layout_rooms
D:3:      layout_basic, mainiacjoe_overflow_24_doors,
          nicolae_hepliaklqana_hazy_memory, basic_ecumenical_altar, uniq_natasha
D:4:      layout_basic, pdpol_wu_jian_five_deadly_venoms,
          nicolae_vehumet_radiance, nicolae_uskayaw_dance_hall,
          minmay_temple_entry_large_hall, serial_shops, shop, uniq_ijyb,
          uniq_eustachio

Skill      XL: |  1  2  3  4 |
---------------+-------------+-----
Short Blades   | 1 |  1.1
Spellcasting   | 2 |  2.1
Fighting       | |  0.9
Armour         | |  0.6
Dodging        | |  1.7
Stealth        | |  1.8
Necromancy     | |  4.6

Action                     |  1- 3 |  4- 6 || total
---------------------------+-------+-------++-------
  Melee: Dagger            |    16 |     7 ||    23
         Punch             |       |     1 ||     1
   Cast: Necrotise         |    22 |     9 ||    31
         Vampiric Draining |       |     2 ||     2
  Evoke: Wand              |     4 |       ||     4
    Use: Scroll            |     1 |     1 ||     2
         Potion            |     2 |     1 ||     3
   Stab: Sleeping          |       |     1 ||     1
 Armour: Robe              |     5 |     3 ||     8
  Dodge: Dodged            |    19 |    16 ||    35
